 Seeded DCSS version 0.30.1-11-g7821555f0a (webtiles) character file.

Game seed: 430007637681659361 (custom seed)

116839 mattiecakes the Severer (level 16, -6/107 HPs)
             Began as a Gargoyle Fighter on Nov 9, 2023.
             Was the Champion of Trog.
             Blown up by an orb spider (43 damage)
             ... with a wavering orb of destruction
             ... on level 3 of the Spider Nest.
             The game lasted 01:33:48 (24035 turns).

mattiecakes the Severer (Gargoyle Fighter)         Turns: 24035, Time: 01:33:49

Health: -6/107     AC: 37    Str: 36    XL:     16   Next: 72%
Magic:  16/16      EV: 12    Int:  9    God:    Trog [******]
Gold:   2690       SH:  0    Dex:  9    Spells: 15/15 levels left

rFire   . . .        t - +8 broad axe (heavy)
rCold   + + +        I - +0 buckler {AC+3}
rNeg    + + +        c - +2 chain mail {rN+}
rPois   ∞            e - +0 hat of the Lotus Blossom {-Cast rC+++ Str+2}
rElec   +            G - +2 cloak {rCorr}
rCorr   +            g - +2 pair of gloves of the Skies Above {Slay+3}
SInv    .            (no boots)
Will    ++...        x - amulet of the acrobat Stlth
                     T - +6 ring of strength
HPRegen 0.37/turn    o - ring of Quanamaz {rN+ Will+}
MPRegen 0.15/turn

%: no spellcasting, acrobat
@: confused, ambrosia-drunk, flying
A: sickness immunity, AC +12, big wings, negative energy resistance 1,
electricity resistance, torment resistance 1, petrification resistance
a: Renounce Religion, Berserk, Trog's Hand, Brothers in Arms


You were on level 3 of the Spider Nest.
You worshipped Trog.
Trog was exalted by your worship.
You visited 4 branches of the dungeon, and saw 23 of its levels.
You also visited: Ossuary.

You collected 3050 gold pieces.
You spent 360 gold pieces at shops.

Inventory:

Hand Weapons
 t - a +8 heavy broad axe (weapon)
 J - a +2 executioner's axe of flaming
 O - the +8 rapier of the Riding Pariah {flame, Fragile Str+5 Dex+2}
   (You found it on level 3 of the Lair of Beasts)

   Str:       It affects your strength (+5).
   Dex:       It affects your dexterity (+2).
   Fragile:   It will be destroyed if unequipped.
Missiles
 V - a throwing net (quivered)
Armour
 c - a +2 chain mail of positive energy (worn)
 e - the +0 hat of the Lotus Blossom (worn) {-Cast rC+++ Str+2}
   (You acquired it on level 1 of the Lair of Beasts)

   Str:       It affects your strength (+2).
   rC:        It renders you almost immune to cold.
   -Cast:     It prevents spellcasting.
 g - the +2 pair of gloves of the Skies Above (worn) {Slay+3}
   (You acquired it on level 2 of the Dungeon)

   Slay:      It affects your accuracy & damage with ranged weapons and melee
   (+3).
 j - a +0 plate armour of cold resistance
 G - a +2 cloak of preservation (worn)
 I - a +0 buckler of protection (worn)
 U - a +2 cloak of willpower
Jewellery
 o - the ring of Quanamaz (right hand) {rN+ Will+}
   (You acquired it on level 2 of the Dungeon)

   [ring of positive energy]

   rN:        It protects you from negative energy.
   Will:      It increases your willpower.
 v - a ring of ice
 x - an amulet of the acrobat (around neck)
 K - a ring of resist corrosion
 T - a +6 ring of strength (left hand)
Wands
 n - a wand of flame (88)
 p - a wand of paralysis (21)
 y - a wand of mindburst (17)
 B - a wand of digging (4)
 E - a wand of iceblast (11)
 P - a wand of polymorph (4)
 S - a wand of light (6)
Scrolls
 h - a scroll of torment
 i - 2 scrolls of poison
 l - a scroll of fear
 q - 3 scrolls of fog
 r - 5 scrolls of blinking
 u - a scroll of teleportation
 H - 4 scrolls of identify
 L - 2 scrolls of magic mapping
Potions
 a - 13 potions of curing
 b - 2 potions of brilliance
 d - 4 potions of might
 f - 5 potions of mutation
 k - 3 potions of cancellation
 m - 6 potions of ambrosia
 s - 3 potions of attraction
 w - a potion of invisibility
 z - a potion of resistance
 A - a potion of magic
 C - 4 potions of haste
 D - a potion of berserk rage
 M - a potion of lignification
 Q - 3 potions of flight


   Skills:
 + Level 14.4 Fighting
 + Level 15.5 Axes
 + Level 14.5 Armour
 + Level 9.4 Dodging
 - Level 0.1 Stealth
 + Level 14.3 Shields


You had 15 spell levels left.
You didn't know any spells.
Your spell library contained the following spells:

 Spells                   Type           Power      Damage    Failure   Level
 Sandblast                Erth           0%         2d4       71%         1
 Passwall                 Tmut/Erth      0%         N/A       83%         2
 Stone Arrow              Conj/Erth      0%         3d7       97%         3


Dungeon Overview and Level Annotations

Branches:
Dungeon (12/15)            Temple (0/1) D:4            Lair (5/5) D:8
  Swamp (0/4) Lair:3       Spider (4/4) Lair:2        Slime (0/5) Lair:5
    Orc (2/2) D:11            Elf (0/3) Orc:2       Ossuary (visited)

Altars:
Ashenzari
Dithmenos
Hepliaklqana
Kikubaaqudgha
Nemelex Xobeh
Okawaru
Trog
Vehumet
Wu Jian
Yredelemnul
Jiyva

Shops:
D:6 !   Orc:1 (   Orc:2 =*[(:


Innate Abilities, Weirdness & Mutations

You are immune to sickness and miasma.
Your stone body is resilient. (AC +12)
You are immune to poison.
Your large and strong wings let you fly.
You resist negative energy. (rN+)
You are resistant to electric shocks. (rElec)
You are resistant to unholy torment.
You are immune to petrification.


Message History

The tarantella barely misses you.
The tarantella touches you but does no damage.
You open the tarantella like a pillowcase!!!
You kill the tarantella!
Trog accepts your kill.
The orb spider begins to weave its threads into a brightly glowing ball.
You see here a redback corpse.
The orb spider weaves a glowing orb of energy.
An orb of destruction comes into view.
The orb of destruction hits a rock wall.
Unknown command.
The orb spider pulsates with a strange energy.
You slash the orb spider!
The orb spider is moderately wounded.
You closely miss the orb spider.
The orb spider is moderately wounded.
The orb spider weaves a glowing orb of energy.
An orb of destruction comes into view.
The orb spider pulsates with a strange energy.
The orb of destruction hits you!!
* * * LOW HITPOINT WARNING * * *
Okay, then.
Unknown command.
You are confused.
You feel invigorated.
The orb spider weaves a glowing orb of energy.
The orb spider begins to weave its threads into a brightly glowing ball.
An orb of destruction comes into view.
The orb of destruction hits a rock wall.
You bump into the rock wall.
The orb spider spins a strand of pure energy.
You bump into the rock wall.
The orb spider weaves a glowing orb of energy.
The wavering orb of destruction weakly hits you!
The orb spider weaves a glowing orb of energy.
An orb of destruction comes into view.
You see here a redback corpse.
You're too confused to move!
The wavering orb of destruction hits you!!!
You die...

##..##.°.?.# ..#...####...##...
#....#.#^..#^.^.#.#...#.......#
#.....).#......##....^^....#...
....#.......##.##.....##....####
.. #....s#######.###......#..#
#....s^...##....##..####..#
#).###s..##s..#.....^#....#
#...#.^s###s☼..###....##..##.
#^..##....#..@###...#.........
.####....#†^.#..#...#.^####...
#################### ###


You could see 2 orb spiders.

Vanquished Creatures
  Arachne (Spider:2)
  Jorgrun (Orc:1)
  Gastronok (Lair:2)
  Kirke (Lair:4)
  2 ghost moths (Spider:1)
  An orc warlord (Orc:2)
  2 emperor scorpions (Spider:3)
  A broodmother (Spider:2)
  2 spark wasps
  Snorg (Orc:1)
  A fire dragon (Lair:5)
  Josephine (Orc:2)
  An entropy weaver (Spider:1)
  Fannar (Orc:1)
  6 hydras
  2 ghost crabs (Lair:3)
  A centaur warrior (D:8)
  2 jorogumos (Spider:1)
  2 radroaches
  8 boulder beetles
  A two-headed ogre (D:10)
  3 orc high priests (Orc:2)
  18 death yaks
  Urug (Orc:1)
  A skyshark (Lair:5)
  Sonja (Lair:1)
  3 sun moths (Spider:3)
  A skeletal warrior (D:8)
  5 pharaoh ants
  A spectral death yak (Lair:3)
  3 orb spiders
  A swamp dragon (Lair:5)
  A lindwurm (Lair:5)
  A spectral hydra (Lair:3)
  2 steelbarb worms
  4 orc knights (Orc:2)
  8 wolf spiders
  3 ugly things
  A necromancer (Lair:3)
  5 orc sorcerers
  2 moths of wrath
  A spectral boulder beetle (Lair:3)
  4 elephants (Lair:5)
  8 black mambas
  Maurice (D:12)
  A guardian serpent (Lair:5)
  3 gargoyles
  5 demonic crawlers
  13 cane toads
  2 kobold demonologists
  5 komodo dragons
  6 torpor snails
  4 rime drakes
  A spectral skyshark (Lair:3)
  5 trolls
  17 tarantellas
  A polar bear (Lair:4)
  3 hornets (Lair:5)
  A spectral elephant (Lair:3)
  11 blink frogs
  Prince Ribbit (D:7)
  A spectral dream sheep (Lair:3)
  10 dream sheep
  A slime creature (D:8)
  A spectral black mamba (Lair:3)
  19 jumping spiders
  3 wraiths (Orc:2)
  16 culicivoras
  31 yaks
  3 shadows
  5 hogs (Lair:4)
  10 wyverns
  7 vampire mosquitoes
  A basilisk (Lair:5)
  3 steam dragons
  28 redbacks
  Menkaure (D:6)
  21 water moccasins
  Duvessa (D:4)
  6 acid dragons
  A swamp drake (Lair:5)
  An ice beast (D:7)
  2 hornet zombies (Ossuary)
  4 sky beasts
  8 ogres
  25 orc warriors
  4 centaurs
  A spectral basilisk (Lair:3)
  3 kobold brigands
  Blork the orc (D:6)
  10 bullfrogs
  A gnoll sergeant (Orc:2)
  A scorpion (Lair:1)
  A water moccasin zombie (Ossuary)
  14 wights
  Dowan (D:4)
  3 electric eels
  5 howler monkeys
  3 centaur zombies (Ossuary)
  7 bullfrog zombies (Ossuary)
  5 jellies
  21 orc priests
  4 hounds
  Crazy Yiuf (D:5)
  A gnoll bouda (D:10)
  12 mummies (Ossuary)
  Terence (D:2)
  8 iguanas
  3 sleepcaps
  25 orc wizards
  3 polar bear simulacra (Lair:3)
  4 wolf simulacra (Lair:3)
  A yak simulacrum (Lair:3)
  3 killer bee zombies (Ossuary)
  A howler monkey zombie (Ossuary)
  Robin (D:4)
  16 gnolls
  8 adders
  2 white imps
  An ufetubus (D:5)
  3 worms
  4 dart slugs
  80 orcs
  10 endoplasms
  8 giant cockroaches
  15 goblins
  13 hobgoblins
  5 jackals
  5 quokkas
  12 ball pythons
  10 bats
  A frilled lizard (D:1)
  18 kobolds
  5 rats
  3 river rat simulacra (Lair:3)
774 creatures vanquished.

Vanquished Creatures (collateral kills)
  Mlioglotl (Spider:2)
  A spark wasp (Spider:2)
2 creatures vanquished.

Vanquished Creatures (others)
  A steam dragon (Lair:5)
  An orc (Orc:1)
2 creatures vanquished.

Grand Total: 778 creatures vanquished

Notes
Turn   | Place    | Note
-------+----------+-------------------------------------------
     0 | D:1      | mattiecakes the Gargoyle Fighter began the quest for the
                  | Orb.
     0 | D:1      | Reached XP level 1. HP: 14/14 MP: 1/1
   135 | D:1      | Reached XP level 2. HP: 19/19 MP: 2/2
   469 | D:1      | Reached XP level 3. HP: 24/24 MP: 3/3
   489 | D:1      | Reached skill level 2 in Axes
   702 | D:2      | Noticed Terence
   711 | D:2      | Killed Terence
   712 | D:2      | Reached XP level 4. HP: 10/29 MP: 4/4
  1059 | D:2      | Found a faded altar of an unknown god.
  1067 | D:2      | Prayed at the altar of an unknown god.
  1067 | D:2      | Became a worshipper of Trog the Wrathful
  1067 | D:2      | Reached * piety under Trog
  1220 | D:2      | Found an ancient bone altar of Kikubaaqudgha.
  1231 | D:2      | Identified 4 scrolls of acquirement
  1231 | D:2      | Acquired a +5 vampiric broad axe
  1238 | D:2      | Acquired 944 gold pieces
  1240 | D:2      | Acquired the +2 pair of gloves of the Skies Above {Slay+3}
  1254 | D:2      | Acquired the ring of Quanamaz {rN+ Will+}
  1323 | D:3      | Reached XP level 5. HP: 33/33 MP: 5/5
  1390 | D:3      | Reached skill level 3 in Axes
  1407 | D:3      | Found a sparkling altar of Nemelex Xobeh.
  1531 | D:3      | Reached ** piety under Trog
  1612 | D:3      | Found an ornate altar of the Wu Jian Council.
  1612 | D:3      | Found a bloodstained altar of Trog.
  1778 | D:3      | Reached XP level 6. HP: 39/39 MP: 6/6
  2055 | D:3      | Found a basalt altar of Yredelemnul.
  2196 | D:4      | Found a staircase to the Ecumenical Temple.
  2559 | D:4      | Reached skill level 5 in Armour
  2599 | D:4      | Noticed Robin
  2619 | D:4      | Killed Robin
  2732 | D:4      | Noticed Duvessa
  2743 | D:4      | Noticed Dowan
  2744 | D:4      | Killed Duvessa
  2745 | D:4      | Reached skill level 5 in Fighting
  2745 | D:4      | Reached XP level 7. HP: 44/44 MP: 7/7
  2753 | D:4      | Killed Dowan
  3154 | D:4      | Reached *** piety under Trog
  3164 | D:4      | Reached skill level 4 in Axes
  3194 | D:4      | Reached skill level 5 in Shields
  3224 | D:5      | Entered Level 5 of the Dungeon
  3230 | D:5      | Noticed a shadow
  3244 | D:4      | Killed a shadow
  3246 | D:5      | Noticed a steam dragon
  3253 | D:5      | HP: 2/44 [gnoll/+0 whip[a gnoll bouda] (2)]
  3590 | D:5      | Reached XP level 8. HP: 49/51 MP: 8/8
  4199 | D:5      | Found a runed translucent door.
  4200 | D:5      | Noticed Crazy Yiuf
  4660 | D:5      | Killed Crazy Yiuf
  4726 | D:6      | Reached skill level 5 in Axes
  4736 | D:6      | Found Ybrut's Distillery.
  4790 | D:6      | Found a broken altar of Ashenzari.
  4829 | D:6      | Noticed Blork the orc
  4840 | D:6      | Killed Blork the orc
  4841 | D:6      | Reached XP level 9. HP: 56/56 MP: 9/9
  4964 | D:6      | Noticed Menkaure
  4971 | D:6      | Killed Menkaure
  5129 | D:6      | Reached **** piety under Trog
  5229 | D:7      | Noticed Prince Ribbit
  5238 | D:7      | Killed Prince Ribbit
  5239 | D:7      | Reached skill level 6 in Axes
  5298 | D:7      | Found a shadowy altar of Dithmenos.
  5511 | D:7      | Reached XP level 10. HP: 52/64 MP: 10/10
  5649 | D:7      | Reached skill level 7 in Axes
  5792 | D:7      | Found a hazy altar of Hepliaklqana.
  6000 | D:8      | Found a sand-covered staircase.
  6005 | Ossuary  | Entered an ossuary
  6209 | Ossuary  | Reached skill level 8 in Axes
  6257 | Ossuary  | Reached ***** piety under Trog
  6567 | D:8      | Noticed a death yak
  6568 | D:8      | Noticed a death yak
  6568 | D:8      | Noticed a death yak
  6581 | D:8      | Noticed a death yak
  6583 | D:8      | Noticed a death yak
  6593 | D:8      | Killed a death yak
  6594 | D:8      | Reached skill level 9 in Axes
  6601 | D:8      | Killed a death yak
  6611 | D:8      | Killed a death yak
  6612 | D:8      | Reached skill level 10 in Axes
  6618 | D:8      | Killed a death yak
  6619 | D:8      | Reached XP level 11. HP: 49/69 MP: 11/11
  6623 | D:8      | Killed a death yak
  6624 | D:8      | Reached skill level 11 in Axes
  6649 | D:8      | Found a staircase to the Lair.
  7194 | Lair:1   | Entered Level 1 of the Lair of Beasts
  7390 | D:8      | Reached skill level 12 in Axes
  7681 | D:8      | Noticed a centaur warrior
  7682 | D:8      | Noticed a skeletal warrior
  7922 | Lair:1   | Received a gift from Trog
  8200 | Lair:1   | Noticed Sonja
  8228 | Lair:1   | Killed Sonja
  8229 | Lair:1   | Reached skill level 1 in Dodging
  8903 | Lair:2   | Noticed Gastronok
  8921 | Lair:2   | Killed Gastronok
  8922 | Lair:2   | Reached XP level 12. HP: 37/76 MP: 12/12
  9071 | Lair:2   | Noticed an eight-headed hydra
  9112 | Lair:1   | Acquired a +2 executioner's axe of flaming
  9120 | Lair:1   | Acquired the +0 hat of the Lotus Blossom {-Cast rC+++
                  | Str+2}
  9138 | Lair:2   | Killed a five-headed hydra
  9714 | Lair:2   | Found a hole to the Spider Nest.
 10154 | Lair:3   | Identified the +1 leather armour "Fuodghelu" {Rampage Str-5
                  | Dex+7}
 10540 | Lair:3   | Identified the +8 rapier of the Riding Pariah {flame,
                  | Fragile Str+5 Dex+2}
 10653 | Lair:3   | Reached skill level 10 in Armour
 11033 | Lair:3   | Reached skill level 10 in Fighting
 11113 | Lair:3   | Found a staircase to the Swamp.
 11113 | Lair:3   | Noticed a ghost crab
 11113 | Lair:3   | Noticed a ghost crab
 11152 | Lair:3   | Killed a ghost crab
 11153 | Lair:3   | Reached skill level 10 in Shields
 11158 | Lair:3   | Killed a ghost crab
 11159 | Lair:3   | Reached skill level 13 in Axes
 11592 | Lair:4   | Noticed a death yak
 11595 | Lair:4   | Noticed a death yak
 11596 | Lair:4   | Reached XP level 13. HP: 83/83 MP: 13/13
 11943 | Lair:4   | Reached skill level 5 in Dodging
 12466 | Lair:4   | Noticed Kirke
 12469 | Lair:4   | Received a gift from Trog
 12481 | Lair:4   | Killed Kirke
 12751 | Lair:5   | Entered Level 5 of the Lair of Beasts
 12934 | Lair:5   | Found a viscous altar of Jiyva.
 12934 | Lair:5   | Found a staircase to the Slime Pits.
 13160 | Lair:5   | Identified the -1 kite shield of Geyro {rC+}
 13340 | Lair:5   | Gained mutation: Your large and strong wings let you fly.
                  | [Gargoyle growth]
 13340 | Lair:5   | Reached XP level 14. HP: 90/90 MP: 14/14
 13732 | Lair:5   | Reached skill level 14 in Axes
 14102 | Lair:5   | Received a gift from Trog
 14915 | Lair:5   | Identified the +0 leather armour of Tuem {Dex+7}
 15310 | D:8      | Identified the +0 shadow dragon scales "Majy" {rElec Regen+
                  | Str+3 Dex+3 Stlth++++}
 16142 | D:10     | Entered Level 10 of the Dungeon
 16167 | D:10     | Found an iron altar of Okawaru.
 16514 | D:10     | Found a radiant altar of Vehumet.
 16689 | D:11     | Found a staircase to the Orcish Mines.
 17031 | D:11     | Identified the +5 great mace "Spiderslayer" {venom, rPois
                  | Str+2}
 17095 | D:11     | Reached XP level 15. HP: 97/97 MP: 15/15
 17353 | D:12     | Noticed Maurice
 17559 | Spider:1 | Entered Level 1 of the Spider Nest
 17573 | Spider:1 | Killed a ghost moth
 17573 | Spider:1 | Received a gift from Trog
 18847 | Spider:1 | Killed a ghost moth
 19892 | Orc:1    | Entered Level 1 of the Orcish Mines
 19946 | Orc:2    | Entered Level 2 of the Orcish Mines
 20089 | Orc:2    | Found Iguimm's Vocational Training.
 20137 | Orc:1    | Noticed Urug
 20149 | Orc:1    | Killed Urug
 20247 | Orc:1    | Noticed Jorgrun
 20809 | Orc:1    | Noticed Fannar
 20830 | Orc:1    | Killed Fannar
 20838 | Orc:1    | Noticed Snorg
 20848 | Orc:1    | Killed Snorg
 20884 | Orc:1    | Found Umeijir's Weapon Emporium.
 20975 | Orc:1    | You are sucked into a shaft and drop 1 floor!
 20975 | Orc:2    | Found a staircase to the Elven Halls.
 20980 | Orc:2    | Noticed Josephine
 21092 | Orc:2    | Killed Josephine
 21115 | Orc:2    | Noticed an orc warlord
 21122 | Orc:2    | Reached ****** piety under Trog
 21147 | Orc:2    | Killed an orc warlord
 21258 | Orc:2    | Reached skill level 15 in Axes
 21312 | Orc:2    | Received a gift from Trog
 21326 | Orc:2    | Found Cevits's Antique Armour Shop.
 21327 | Orc:2    | Found Voruwn's Antique Weapon Boutique.
 21334 | Orc:2    | Found Ecuawij's General Store.
 21334 | Orc:2    | Found Medav's Jewellery Shop.
 21542 | Orc:2    | Bought an embroidered cloak for 180 gold pieces
 21542 | Orc:2    | Bought an embroidered cloak for 180 gold pieces
 21720 | Orc:1    | Killed Jorgrun
 21721 | Orc:1    | Reached XP level 16. HP: 103/105 MP: 16/16
 21807 | D:12     | Killed Maurice
 22863 | Spider:2 | Noticed Arachne
 22884 | Spider:2 | Killed Arachne
 23012 | Spider:2 | Noticed Mlioglotl
 23022 | Spider:2 | Killed Mlioglotl
 23887 | Spider:3 | Received a gift from Trog
 23973 | Spider:4 | Entered Level 4 of the Spider Nest
 24035 | Spider:3 | Blown up by an orb spider

Illustrated notes

Levels and vault maps discovered:
D:1:      wander_arrival_chamber, layout_basic, kennysheep_boxes
D:2:      layout_rooms, dilly_ecumenical_altar_fadedgnrine, basic_altar,
          uniq_terence
D:3:      layout_basic, mainiacjoe_overflow_swirl, jmf_multi_god_temple,
          minmay_puff
D:4:      layout_loops_corners, minmay_temple_entry_junction_2,
          minmay_joined_circles, uniq_robin, uniq_duvessa
D:5:      layout_layer_cave, uniq_crazy_yiuf_cottage
D:6:      layout_rooms, mainiacjoe_overflow_catwalk, serial_shops,
          nicolae_shop_statue_plus, serial_park_tiny_1, uniq_blork_the_orc,
          uniq_menkaure
D:7:      layout_loops_cross, mainiacjoe_overflow_surrounded_room,
          mainiacjoe_overflow_alcove_4, uniq_prince_ribbit1
D:8:      minmay_the_grid_triangle_9x9_rhombus_full
          [minmay_the_grid_triangle_9x9_zippers_horizontal,
          minmay_the_grid_triangle_9x9_descending_squares,
          minmay_the_grid_triangle_9x9_wacky_v,
          minmay_the_grid_triangle_9x9_corruption,
          minmay_the_grid_triangle_9x9_negative_grid,
          minmay_the_grid_triangle_9x9_zippers_vertical,
          minmay_the_grid_triangle_9x9_limited_checkers,
          minmay_the_grid_triangle_9x9_prize_insulated], layout_loops_corners,
          dpeg_lair_monsters, enter_ossuary_2
D:9:      cheibrodos_elevator_heist, layout_basic
D:10:     layout_roguey, mainiacjoe_overflow_alcove_1,
          mainiacjoe_overflow_24_doors, dreamdust_gnoll_shepherd
D:11:     layout_long_grid, orc_david_3
D:12:     layout_irregular_city, uniq_maurice
Lair:1:   layout_regular_city, serial_bayou_shore_a, grunt_megastairs_3,
          lemuel_fruit_tree, uniq_sonja
Lair:2:   layout_layer_cave, spider_nest_entry_rubble, minmay_lindwurm_lava,
          uniq_gastronok
Lair:3:   layout_cave_pods, nicolae_swamp_entry_spooky, fungi_pond_lemuel,
          eino_house_with_fridge
Lair:4:   layout_cave_pods, grunt_forest_stairs_basic,
          nicolae_quartered_pool_medium, uniq_kirke
Lair:5:   hangedman_lair_tendril_chambers, layout_gridlike,
          guppyfry_lair_end_dragon, nicolae_slime_entry_slimehenge,
          serial_bayou_lagoon_b
Spider:1: nicolae_spider_hilbert_zone_1 [nicolae_spider_hilbert_4_sides_1_open,
          nicolae_spider_hilbert_4_sides_1_open,
          nicolae_spider_hilbert_4_sides_1_open,
          nicolae_spider_hilbert_4_sides_1_open,
          nicolae_spider_hilbert_3_sides_1_open,
          nicolae_spider_hilbert_3_sides_1_open,
          nicolae_spider_hilbert_3_sides_1_open,
          nicolae_spider_hilbert_3_sides_1_open,
          nicolae_spider_hilbert_3_sides_1_open,
          nicolae_spider_hilbert_6_sides_1_open,
          nicolae_spider_hilbert_6_sides_1_open,
          nicolae_spider_hilbert_3_sides_1_open,
          nicolae_spider_hilbert_3_sides_1_open,
          nicolae_spider_hilbert_3_sides_1_open,
          nicolae_spider_hilbert_3_sides_1_open,
          nicolae_spider_hilbert_2_sides_1_open]
Spider:2: layout_spider_delve, uniq_mlioglotl, uniq_arachne
Spider:3: layout_spider_delve, spiders_nest_spider_trap
Spider:4: floodkiller_spider_rune_tomb
Orc:1:    layout_diamond_mine, serial_shops, shop, minmay_orc_keep, uniq_snorg,
          uniq_jorgrun, uniq_fannar, uniq_urug
Orc:2:    st_orc_congregation, layout_caves, nicolae_shop_vocational,
          uniq_josephine

Skill      XL: |  1  2  3  4  5  6  7  8  9 10 11 12 13 14 15 16 |
---------------+-------------------------------------------------+-----
Axes           | 2 3 4 5 6 10 12 13 14 15 | 15.5
Armour         | 4 5 6 7 8 9 10 11 12 13 14 | 14.5
Fighting       | 4 5 6 8 9 10 11 12 13 14 | 14.4
Shields        | 4 5 6 8 9 10 11 12 13 14 | 14.3
Dodging        | 2 4 6 7 8 9 |  9.4
Stealth        | |  0.1

Action                     |  1- 3 |  4- 6 |  7- 9 | 10-12 | 13-15 | 16-18 || total
---------------------------+-------+-------+-------+-------+-------+-------++-------
  Melee: War axe           |    74 |    34 |       |       |       |       ||   108
         Broad axe         |       |   130 |   170 |   504 |  1040 |   284 ||  2128
         Executioner's axe |       |       |       |     5 |    53 |       ||    58
 Invoke: Berserk           |       |       |     1 |       |     2 |     1 ||     4
         Brothers in Arms  |       |       |       |     1 |       |     1 ||     2
         Trog's Hand       |       |       |       |     3 |     3 |     1 ||     7
  Evoke: Wand              |       |       |       |     4 |       |       ||     4
    Use: Scroll            |       |     4 |    13 |    17 |    15 |     8 ||    57
         Potion            |       |       |     2 |     4 |     7 |     3 ||    16
 Armour: Scale mail        |    47 |   123 |    57 |       |       |       ||   227
         Chain mail        |       |       |    91 |   327 |   715 |   235 ||  1368
  Dodge: Dodged            |    46 |    73 |    93 |   222 |   592 |   150 ||  1176
  Block: Buckler           |    12 |    32 |    52 |   119 |   312 |    99 ||   626
